Match 44176371
Unlisted

Match 44176371
End
Vickers Machine Gun Team
Construct Section Command Post
Selects Air and Sea Battlegroup
Dingo Light Scout Car
Infantry Section
Infantry Section
Infantry Section
Grenade Package
Selects Supply Surplus
Construct Field Infirmary
Forward Retreat Point
Selects Commando Section Paradrop
Selects M1 Pack Howitzer Paradrop
M1 Pack Howitzer Paradrop
Construct Platoon Command Post
Infantry Section
Local Cowboyist Representative
Wimp Lo
NSAsBest
Herogus3xD
Bananenratte
Nico-Nico-Nii~~
0
0

Comments sign in to comment!

No comments posted yet!